 Dungeon Crawl Stone Soup version 0.30-a0-591-g3c58d2bc28 (webtiles) character file.

Game seed: 15367920462997335575

17203 Dirtsage the Martial Artist (level 12, -1/102 HPs)
             Began as an Octopode Transmuter on Jan 5, 2023.
             Was a High Priest of Jiyva.
             Collided with an ancient zyme (13 damage)
             ... caused by a rakshasa
             ... on level 2 of the Abyss.
             The game lasted 00:39:20 (9888 turns).

Dirtsage the Martial Artist (Octopode Transmuter)   Turns: 9888, Time: 00:39:21

Health: -1/102     AC:  9    Str: 21    XL:     12   Next: 45%
Magic:  20/20      EV: 12    Int: 20    God:    Jiyva [*****.]
Gold:   205        SH:  0    Dex: 13    Spells: 15/22 levels left

rFire   . . .      SeeInvis +      - Unarmed
rCold   + + .      Faith    .    (shield currently unavailable)
rNeg    . . .      Spirit   .    (no amulet)
rPois   +          Reflect  .    S - ring of see invisible
rElec   .          Harm     .    p - +6 ring of strength
rCorr   +          Rampage  .    C - ring of willpower
Will    +++..                    z - ring of fire
Stlth   ++                       N - +6 ring of strength
HPRegen 1.44/turn                (no ring)
MPRegen 0.62/turn                (no ring)
                                 (no ring)

@: ice-form, slimy (expiring), sick
A: freezing attack, boosted hp, almost no armour, amphibious, 8 rings, large,
(camouflage 1), (gelatinous body 1), (nimble swimmer 1), (tentacles), (antennae
3), see invisible, strong-willed 2, sense surroundings 1, MP-powered wands,
(engulf)
a: End Transformation, Renounce Religion, Oozemancy, Slimify


You were on level 2 of the Abyss.
You worshipped Jiyva.
Jiyva was extremely pleased with you.
You were a creature of crystalline ice.
You visited 2 branches of the dungeon, and saw 11 of its levels.
You visited the Abyss 1 time.
You also visited: Ossuary and Bailey.

You collected 674 gold pieces.
You spent 469 gold pieces at shops.

Inventory:

Hand Weapons
 B - a +3 demon blade of venom
Missiles
 j - 4 throwing nets
 G - 4 atropa-tipped darts
 K - a curare-tipped dart
Magical Staves
 O - a staff of earth
Jewellery
 p - a +6 ring of strength (right front paw)
 z - a ring of fire (on tentacle)
 C - a ring of willpower (on tentacle)
 N - a +6 ring of strength (on tentacle)
 S - a ring of see invisible (left front paw)
Wands
 m - a wand of polymorph (9)
 o - a wand of flame (40)
 x - a wand of light (13)
 D - a wand of digging (4)
Scrolls
 c - 5 scrolls of enchant weapon
 d - 3 scrolls of vulnerability {unknown}
 e - a scroll of fog {unknown}
 i - 3 scrolls of identify
 n - 4 scrolls of poison
 s - a scroll of torment {unknown}
 t - 3 scrolls of teleportation
 u - 3 scrolls of enchant armour {unknown}
 v - 3 scrolls of amnesia
 y - a scroll of silence {unknown}
 A - 2 scrolls of summoning {unknown}
 F - a scroll of immolation
 H - 3 scrolls of blinking {unknown}
 L - a scroll of noise {unknown}
 M - 2 scrolls of magic mapping {unknown}
Potions
 a - a potion of lignification
 b - a potion of degeneration
 f - 2 potions of ambrosia
 h - a potion of haste
 k - 3 potions of magic
 l - 3 potions of cancellation
 q - 5 potions of curing
 r - 2 potions of mutation
 w - 2 potions of brilliance
 E - 3 potions of flight
 I - 2 potions of heal wounds {unknown}
 J - 2 potions of invisibility {unknown}


   Skills:
 + Level 9.2 Fighting
 + Level 6.2 Dodging
 + Level 2.2 Stealth
 + Level 9.6 Unarmed Combat
 + Level 5.7 Spellcasting
 - Level 9.0 Transmutations
 - Level 8.0 Ice Magic
 - Level 6.0 Evocations


You had 15 spell levels left.
You knew the following spells:

 Your Spells              Type           Power      Damage    Failure   Level
a - Beastly Appendage     Tmut           82%        N/A       1%          1
b - Wereblood             Tmut           41%        N/A       1%          2
c - Ice Form              Ice/Tmut       39%        N/A       3%          4

Your spell library contained the following spells:

 Spells                   Type           Power      Damage    Failure   Level
 Spider Form              Tmut/Pois      23%        N/A       4%          3


Dungeon Overview and Level Annotations

Branches:
Dungeon (9/15)             Temple (0/1) D:4            Lair (2/5) D:8
Ossuary (visited)          Bailey (visited)
  Swamp: Lair:2-3    Shoals: Lair:2-3     Snake: Lair:2-3    Spider: Lair:2-3
    Orc: D:9-12

Altars:
Cheibriados
Dithmenos
Gozag
Hepliaklqana
Kikubaaqudgha
Nemelex Xobeh
Trog
Wu Jian
Yredelemnul
Zin
Jiyva

Shops:
D:8 :*?[   D:9 ?

Annotations:
D:8 2 transporters
Lair:1 exclusion: 3 oklob plants
Lair:2 Sonja


Innate Abilities, Weirdness & Mutations

You are a creature of crystalline ice.
You have a powerful freezing melee attack.
Your maximum health is increased.
Your armour is entirely melded.
You are incapable of wielding weapons or throwing items.
You cannot wear most types of armour.
You are amphibious.
You can wear up to eight rings at the same time.
((Your skin changes colour to match your surroundings (Stealth+).))
((Your rubbery body absorbs attacks. (AC +1, EV +1)))
((You are camouflaged when in or above water. (Stealth+)))
((You have tentacles for arms and can constrict up to eight enemies at once.))
((You have a pair of large antennae on your head. (SInv)))
You have supernaturally acute eyesight. (SInv)
You are highly strong-willed. (Will++)
You passively map a small area around you.
You expend magic power (3 MP) to strengthen your wands.
((Your melee attacks may engulf your foes in ooze.))


Message History

A thick mucus forms on your front paws.
The thrashing horror tramples you but does no damage.
The thrashing horror tramples you.
You hold your ground!
The rakshasa hits you from afar with a +0 trident!
You take 13 damage, and have 58/102 hp.
You now have 15/20 mp.
The thrashing horror misses you.
The thrashing horror tramples you but does no damage.
The rakshasa gestures at you. The lance of force hits you!
You are knocked back by the lance of force.
You slam into the metal wall!
You take 16 damage, and have 42/102 hp.
You pummel the thrashing horror!! You freeze the thrashing horror.
You destroy the thrashing horror!
The ancient zyme hits you but does no damage.
The ancient zyme closely misses you. The rakshasa barely misses you.
The ancient zyme closely misses you. The ancient zyme barely misses you.
The rakshasa blinks!
You regained 2 hp, and now have 45/102 hp.
The ancient zyme attacks as you move away!
The ancient zyme closely misses you. The ancient zyme hits you!
Your slime is starting to congeal.
You take 8 damage, and have 37/102 hp.
You regained 2 hp, and now have 39/102 hp.
You pummel the smoke demon!! You freeze the smoke demon!
You kill the smoke demon!
The ancient zyme hits you but does no damage.
The ancient zyme hits you.
Your Stealth skill increases to level 2!
You take 5 damage, and have 34/102 hp.
The ancient zyme attacks as you move away!
The ancient zyme hits you but does no damage. x2
The rakshasa gestures at you. The lance of force hits you!!
* * * LOW HITPOINT WARNING * * *
You shudder from the blast and a jelly pops out!
You are knocked back by the lance of force.
You collide with the ancient zyme!
The ancient zyme is moderately damaged.
You die...

. ..# #.#....#
...... #...## #R##
#..##.# #
#.......###.
......#
.####.##...#.#...##
.##..#..####.#.#.#
#
......#...#.#...##
#........R.....#
#.#....#..#...#.. #
..#.....#Y..#.#...
. .#.
..##x.J......#.#
...#..#.........##
..........##...#.#
.#.##.#.... ...##.
##....#..#..###
..###.#..#. ##.
.#.# ## # # .#


You could see a rakshasa (ally target), an ancient zyme and a friendly rockslime
(summoned).

Vanquished Creatures
  A very ugly thing (Abyss:2)
  2 vault guards (Bailey)
  A centaur warrior (D:9)
  A boulder beetle (Lair:1)
  A thrashing horror (Abyss:2)
  A wretched star (Abyss:2)
  An ugly thing (Abyss:2)
  Maggie (D:9)
  A smoke demon (Abyss:2)
  4 cane toads (Lair:1)
  A komodo dragon (Lair:1)
  2 polar bears (Lair:1)
  Prince Ribbit (Bailey)
  2 hornets
  A raiju (Abyss:2)
  19 yaks
  A dire elephant simulacrum (Abyss:2)
  A wyvern (D:9)
  5 humans (Bailey)
  12 starcursed masses (Abyss:2)
  2 steam dragons
  3 basilisks (Lair:1)
  3 water moccasins
  2 large abominations (Abyss:2)
  4 black bears
  A sky beast (D:7)
  An ogre (D:6)
  3 ice beasts
  3 wolves (Lair:1)
  3 centaurs
  A phantom (D:5)
  A kobold brigand (D:8)
  3 elf zombies (Ossuary)
  14 bullfrogs
  A gnoll sergeant (D:9)
  A small abomination (Abyss:2)
  A scorpion (D:5)
  5 killer bees
  A howler monkey (D:9)
  An electric eel (Lair:1)
  A centaur zombie (Ossuary)
  A quasit (Abyss:2)
  3 hounds
  Crazy Yiuf (D:6)
  4 iguanas
  Natasha (thrice) (D:2)
  3 orc wizards
  3 mummies (Ossuary)
  15 gnolls
  5 adders
  2 ufetubi
  4 adder zombies (Ossuary)
  A worm (D:2)
  5 dart slugs
  17 orcs
  4 bats
  2 endoplasms (D:2)
  3 giant cockroaches
  4 goblins
  12 hobgoblins
  9 jackals
  A quokka (D:5)
  4 ball pythons
  5 frilled lizards
  2 goblin zombies (Ossuary)
  4 hobgoblin zombies (Ossuary)
  A jackal zombie (Ossuary)
  6 kobolds
  7 kobold zombies (Ossuary)
  3 orc zombies (Ossuary)
  6 quokka zombies (Ossuary)
  3 rats
  4 rat zombies (Ossuary)
261 creatures vanquished.

Vanquished Creatures (others)
  A catoblepas (D:8)
  A meliai (shapeshifter) (D:8)
  A black bear (D:5)
  A bullfrog (D:8)
  A scorpion (D:4)
  9 jellies
  3 hounds
  2 orc priests (D:8)
  2 adders
  A shadow imp (D:7)
  2 endoplasms
  6 orcs
  A giant cockroach (D:4)
  2 hobgoblins (D:4)
  2 ball pythons (D:4)
  2 kobolds
  9 fungi
  11 plants (Lair:1)
57 creatures vanquished.

Grand Total: 318 creatures vanquished

Notes
Turn   | Place    | Note
-------+----------+-------------------------------------------
     0 | D:1      | Dirtsage the Octopode Transmuter began the quest for the
                  | Orb.
     0 | D:1      | Reached XP level 1. HP: 13/13 MP: 3/3
   175 | D:1      | You fall into a shaft and drop 1 floor!
   189 | D:2      | Reached skill level 1 in Ice Magic
   189 | D:2      | Reached XP level 2. HP: 18/18 MP: 5/5
   659 | D:1      | Reached XP level 3. HP: 12/23 MP: 6/6
   828 | D:1      | Learned a level 2 spell: Wereblood
  1118 | D:2      | Reached XP level 4. HP: 11/28 MP: 5/7
  1147 | D:2      | Learned a level 4 spell: Ice Form
  1334 | D:2      | Noticed Natasha
  1348 | D:2      | Killed Natasha
  1353 | D:2      | Reached XP level 5. HP: 23/33 MP: 8/8
  1434 | D:2      | Found a glowing silver altar of Zin.
  1482 | D:2      | Noticed Natasha
  1489 | D:2      | Killed Natasha
  1594 | D:2      | Noticed Natasha
  1604 | D:2      | Killed Natasha
  1818 | D:2      | Found a faded altar of an unknown god.
  2082 | D:2      | Prayed at the altar of an unknown god.
  2082 | D:2      | Became a worshipper of Jiyva Jath the Shapeless
  2082 | D:2      | Reached * piety under Jiyva
  2618 | D:3      | Identified the +3 leather armour "Geawyrr" {rPois rCorr
                  | Str+6 Dex-2 Stlth+}
  2762 | D:3      | Reached ** piety under Jiyva
  3086 | D:4      | Found a staircase to the Ecumenical Temple.
  3092 | D:4      | Reached XP level 6. HP: 38/38 MP: 9/9
  3750 | D:5      | Entered Level 5 of the Dungeon
  3750 | D:5      | Noticed an ice beast
  3764 | D:4      | Killed an ice beast
  3765 | D:4      | Reached skill level 5 in Transmutations
  3816 | D:5      | Killed a black bear
  3872 | D:5      | Found a sand-covered staircase.
  3878 | Ossuary  | Entered an ossuary
  3940 | Ossuary  | Reached XP level 7. HP: 43/43 MP: 6/10
  3956 | Ossuary  | Reached skill level 5 in Ice Magic
  4074 | Ossuary  | Reached *** piety under Jiyva
  4308 | D:5      | Found a shadowy altar of Dithmenos.
  4342 | D:5      | Gained mutation: You are strong-willed. (Will+) [Jiyva's
                  | grace]
  4342 | D:5      | Gained mutation: You are highly strong-willed. (Will++)
                  | [Jiyva's grace]
  4342 | D:5      | Gained mutation: You are extremely strong-willed. (Will+++)
                  | [Jiyva's grace]
  4342 | D:5      | Gained mutation: You passively map a small area around you.
                  | [Jiyva's grace]
  4373 | D:5      | Reached XP level 8. HP: 49/49 MP: 7/11
  4413 | D:5      | Found a sparkling altar of Nemelex Xobeh.
  4675 | D:5      | Found a glowing silver altar of Zin.
  4757 | D:5      | Found an ancient bone altar of Kikubaaqudgha.
  4931 | D:6      | Found an opulent altar of Gozag.
  5004 | D:6      | Reached **** piety under Jiyva
  5267 | D:6      | Found a runed translucent door.
  5268 | D:6      | Noticed Crazy Yiuf
  5303 | D:6      | Found a basalt altar of Yredelemnul.
  5478 | D:6      | Killed Crazy Yiuf
  5597 | D:7      | Reached XP level 9. HP: 56/56 MP: 12/12
  5829 | D:7      | Found a snail-covered altar of Cheibriados.
  5896 | D:7      | Reached ***** piety under Jiyva
  6117 | D:7      | Found an ornate altar of the Wu Jian Council.
  6516 | D:8      | Found Lesasi Xakh's Magic Scroll Boutique.
  6519 | D:8      | Bought a scroll of immolation for 60 gold pieces
  6519 | D:8      | Bought a scroll of identify for 30 gold pieces
  6519 | D:8      | Bought a scroll of identify for 30 gold pieces
  6519 | D:8      | Bought a scroll of fear for 60 gold pieces
  6519 | D:8      | Bought a scroll of enchant weapon for 112 gold pieces
  6519 | D:8      | Bought a scroll of poison for 60 gold pieces
  6519 | D:8      | Bought a scroll of identify for 30 gold pieces
  6563 | D:8      | Gained mutation: You have supernaturally acute eyesight.
                  | (SInv) [Jiyva's grace]
  6563 | D:8      | Gained mutation: Your melee attacks may engulf your foes in
                  | ooze. [Jiyva's grace]
  6563 | D:8      | Gained mutation: You are robust. (+10% HP) [Jiyva's grace]
  6563 | D:8      | Gained mutation: You are very robust. (+20% HP) [Jiyva's
                  | grace]
  6590 | D:8      | Found a flagged portal.
  6595 | D:8      | Identified the +5 hand axe of Sunlight {protect, rN+ Dex+5}
  6598 | Bailey   | Entered a bailey
  6627 | Bailey   | Reached skill level 5 in Unarmed Combat
  6657 | Bailey   | Noticed a vault guard
  6657 | Bailey   | Noticed Prince Ribbit
  6673 | Bailey   | Killed a vault guard
  6674 | Bailey   | Reached skill level 5 in Fighting
  6674 | Bailey   | Reached XP level 10. HP: 51/81 MP: 13/13
  6692 | Bailey   | Killed Prince Ribbit
  6731 | Bailey   | Noticed a vault guard
  6743 | Bailey   | Killed a vault guard
  6878 | D:8      | Found a staircase to the Lair.
  6948 | D:8      | Noticed a centaur warrior
  6948 | D:8      | Noticed a catoblepas
  6948 | D:8      | Noticed a cyclops
  6949 | D:8      | Found a transporter.
  6950 | D:8      | Noticed a centaur warrior
  6950 | D:8      | Noticed a cyan ugly thing
  6950 | D:8      | Noticed a salamander
  6962 | D:8      | Found a transporter.
  6971 | D:8      | Found Mecis's Book Emporium.
  7029 | D:8      | Noticed an elephant
  7032 | D:8      | an elephant changed into a komodo dragon
  7078 | D:8      | Killed a catoblepas
  7245 | D:8      | Found Engum's Armour Boutique.
  7334 | D:8      | Found Ycodun's Assorted Antiques.
  7342 | D:8      | Bought a scroll of identify for 42 gold pieces
  7459 | D:9      | Found Efruhuat's Magic Scroll Shoppe.
  7485 | D:9      | Noticed Maggie
  7501 | D:9      | Killed Maggie
  7502 | D:9      | Reached skill level 1 in Evocations
  7512 | D:9      | Bought a scroll of teleportation for 45 gold pieces
  7577 | D:9      | Found a bloodstained altar of Trog.
  7712 | D:9      | Noticed a centaur warrior
  7719 | D:9      | Killed a centaur warrior
  7724 | D:9      | Reached XP level 11. HP: 49/90 MP: 15/15
  7911 | D:9      | Found a hazy altar of Hepliaklqana.
  8272 | Lair:1   | Entered Level 1 of the Lair of Beasts
  8406 | Lair:1   | Lost mutation: You are extremely strong-willed. (Will+++)
                  | [Jiyva's grace]
  8406 | Lair:1   | Lost mutation: You are very robust. (+20% HP) [Jiyva's
                  | grace]
  8406 | Lair:1   | Lost mutation: You are robust. (+10% HP) [Jiyva's grace]
  8406 | Lair:1   | Gained mutation: You have a pair of small antennae on your
                  | head. [Jiyva's grace]
  8406 | Lair:1   | Gained mutation: You have a pair of antennae on your head.
                  | [Jiyva's grace]
  8406 | Lair:1   | Gained mutation: You have a pair of large antennae on your
                  | head. (SInv) [Jiyva's grace]
  8406 | Lair:1   | Gained mutation: You expend magic power (3 MP) to
                  | strengthen your wands. [Jiyva's grace]
  8732 | Lair:1   | Noticed an oklob plant
  8732 | Lair:1   | Noticed an oklob plant
  8732 | Lair:1   | Noticed an oklob plant
  9075 | Lair:1   | Noticed a boulder beetle
  9094 | Lair:1   | Reached skill level 5 in Dodging
  9128 | Lair:1   | Reached skill level 5 in Evocations
  9172 | Lair:1   | Killed a boulder beetle
  9173 | Lair:1   | Reached XP level 12. HP: 66/84 MP: 19/19
  9184 | Lair:1   | Reached skill level 5 in Spellcasting
  9271 | Lair:2   | Noticed Sonja
  9278 | Abyss:2  | Cast into level 2 of the Abyss (Sonja)
  9334 | Abyss:2  | Noticed a green very ugly thing
  9335 | Abyss:2  | Noticed a green very ugly thing
  9336 | Abyss:2  | Noticed a green very ugly thing
  9361 | Abyss:2  | Killed a green very ugly thing
  9450 | Abyss:2  | Noticed a wretched star
  9459 | Abyss:2  | Killed a wretched star
  9500 | Abyss:2  | Found a corrupted altar of Lugonu.
  9502 | Abyss:2  | Noticed a starcursed mass
  9529 | Abyss:2  | Noticed a bone dragon
  9583 | Abyss:2  | Found a corrupted altar of Lugonu.
  9587 | Abyss:2  | Noticed a starcursed mass
  9622 | Abyss:2  | Reached skill level 1 in Stealth
  9623 | Abyss:2  | Noticed an Executioner
  9849 | Abyss:2  | Noticed a rakshasa
  9852 | Abyss:2  | Noticed a thrashing horror
  9882 | Abyss:2  | Killed a thrashing horror
  9888 | Abyss:2  | Collided with an ancient zyme

Illustrated notes

Levels and vault maps discovered:
D:1:      minmay_arrival_arboretum_small, layout_basic
D:2:      layout_loops_ring, ebering_ecumenical_altar_rust, basic_altar,
          uniq_natasha
D:3:      layout_loops_ring, nicolae_figureground_sparkle
D:4:      layout_loops_ring, minmay_temple_entry_statues,
          nicolae_concentric_dashed_squares_mild, hangedman_minor_gate_pass
D:5:      layout_cave_pools, mainiacjoe_overflow_alcove_1,
          mainiacjoe_overflow_chevrons, nicolae_overflow_crystal_walls,
          marbit_many_paths, nicolae_ossuary_entry_plus
D:6:      layout_loops_cross, mainiacjoe_overflow_alcove_4,
          kennysheep_mini_moat, minmay_misc_feat_encased,
          uniq_crazy_yiuf_cottage
D:7:      layout_basic, pdpol_wu_jian_five_deadly_venoms,
          nicolae_overflow_hidden_temple, nicolae_benzene_ring
D:8:      gammafunk_sealed_arena, layout_loops_ring, lair_entry_dummy,
          enter_bailey_2, serial_shops, nicolae_stop_n_shop_1,
          nicolae_shop_hallway_plus, nicolae_shop_trees, shop,
          minmay_crystal_room
D:9:      layout_loops_ring, lemuel_tele_altar,
          mainiacjoe_overflow_tiny_flanked, serial_shops, nicolae_shop_stone,
          palyth_stone_intersect, uniq_maggie
Lair:1:   dpeg_oklob_gauntlet, layout_regular_city, pdpol_lair_cavern_descent,
          grunt_megastairs_4
Lair:2:   layout_chaotic_city, swamp_mist, serial_bayou_shore_a, uniq_sonja
Abyss:2:  base: D:8, patterned_corridor, evilmike_abyss_exit_chaos,
          bh_abyss_exit_spiral, evilmike_abyss_exit_glass

Skill      XL: |  1  2  3  4  5  6  7  8  9 10 11 12 |
---------------+-------------------------------------+-----
Ice Magic      | 1 2 3 4 5 7 8 |  8.0
Transmutations | 3 4 5 6 7 9 |  9.0
Fighting       | 3 5 7 8 9 |  9.2
Unarmed Combat | 4 6 8 9 |  9.6
Evocations     | 2 5 6 |  6.0
Dodging        | 3 5 6 |  6.2
Spellcasting   | 3 4 5 |  5.7
Stealth        | 2 |  2.2

Action                   |  1- 3 |  4- 6 |  7- 9 | 10-12 || total
-------------------------+-------+-------+-------+-------++-------
Melee: Unarmed           |    66 |   143 |   285 |   313 ||   807
       Tentacles         |    24 |    21 |     2 |     1 ||    48
       Constrict         |    19 |    24 |     1 |     1 ||    45
       Punch             |     2 |     3 |       |       ||     5
       Kick              |     7 |    15 |       |       ||    22
 Cast: Beastly Appendage |     5 |    13 |       |       ||    18
       Ice Form          |       |     5 |    26 |    30 ||    61
       Wereblood         |       |     1 |     2 |     8 ||    11
Invok: Oozemancy         |       |       |     2 |     4 ||     6
       Slimify           |       |       |       |     1 ||     1
Evoke: Wand              |       |       |       |     2 ||     2
  Use: Potion            |       |     2 |       |       ||     2
       Scroll            |       |       |     8 |     2 ||    10
 Stab: Sleeping          |     7 |     2 |       |       ||     9
       Distracted        |       |     1 |       |       ||     1
       Invisible         |       |       |       |     2 ||     2
Armor: Skin              |     8 |    32 |   105 |    83 ||   228
Dodge: Dodged            |    30 |    88 |   128 |   142 ||   388

Table legend: (Time is in decaauts)
 A = Elapsed time spent in this place.
 B = Non-inter-level travel time spent in this place.
 C = Inter-level travel time spent in this place.
 D = Time resting spent in this place.
 E = Time spent auto-exploring this place.
 F = Levels seen in this place.
 G = Mean time per level.
                   A        B        C        D        E       F      G
               +--------+--------+--------+--------+--------+-----+--------+
         Total |   9812 |   9313 |    499 |    307 |   6949 |  14 |  700.9 |
       Dungeon |   7655 |   7164 |    491 |    270 |   5728 |   9 |  850.6 |
          Lair |    984 |    977 |      7 |      0 |    678 |   2 |  492.0 |
         Abyss |    594 |    594 |      0 |     37 |    300 |   1 |  594.0 |
       Ossuary |    323 |    323 |      0 |      0 |    136 |   1 |  323.0 |
        Bailey |    255 |    255 |      0 |      0 |    107 |   1 |  255.0 |
               +--------+--------+--------+--------+--------+-----+--------+

Top non-repeatable levels by time:
     D:2: 1366 daAuts
  Lair:1: 977 daAuts
     D:7: 940 daAuts
     D:1: 888 daAuts
     D:4: 796 daAuts
     D:6: 789 daAuts
     D:9: 773 daAuts
     D:3: 750 daAuts
     D:8: 708 daAuts
     D:5: 641 daAuts
 Abyss:2: 594 daAuts
 Ossuary: 323 daAuts
  Bailey: 255 daAuts
  Lair:2: 6 daAuts
